Map: Berlingrad LE

Players

Threestep - Winner!

  • Race: Protoss Protoss
  • League: Bronze

FLOCK

  • Race: Terran Terran
  • League: Silver

VOD

Have the link to the VOD?

Description

Time

  • Played on: Dec. 25, 2021, 11:15 a.m.
  • Length: 34:29
Show
View Real Time Build Order
Export as new Build Order

Threestep Protoss - Winner!

Build Orders:  

Get SALT Encoding   

  12  0:00  Probe (Chrono Boost)  
  13  0:22  Pylon  
  13  0:24  Probe  
  14  0:41  Forge  
  14  0:54  Pylon  
  14  1:04  Gateway  
  14  1:08  Probe  
  15  1:20  Probe  
  16  1:32  Probe  
  17  1:42  Gateway  
  17  1:44  Probe  
  18  1:56  Probe  
  19  2:02  Cybernetics Core  
  19  2:06  Photon Cannon  
  19  2:08  Probe  
  20  2:10  Photon Cannon  
  20  2:15  Photon Cannon  
  20  2:29  Zealot  
  22  2:30  Assimilator  
  22  2:39  Probe (Chrono Boost)  
  23  2:51  Probe (Chrono Boost)  
  24  2:55  Probe (Chrono Boost)  
  24  2:56  Zealot  
  27  3:03  Assimilator  
  27  3:22  Gateway  
  27  3:25  Zealot  
  29  3:29  Pylon  
  29  3:36  Nexus  
  29  3:43  Photon Cannon  
  29  3:48  Zealot  
  31  3:58  Probe  
  31  4:01  Zealot  
  31  4:02  Protoss Shields Level 1 (Chrono Boost)  
  34  4:10  Zealot, Probe  
  34  4:15  Zealot  
  39  4:26  Pylon  
  39  4:44  Probe, Stalker (Chrono Boost)  
  39  4:45  Stalker (Chrono Boost)  
  44  4:53  Assimilator  
  44  5:12  Zealot (Chrono Boost)  
  46  5:33  Zealot  
  46  5:35  Stalker, Sentry  
  34  6:28  Zealot  
  34  6:31  Zealot (Chrono Boost)  
  34  6:32  Zealot (Chrono Boost)  
  40  6:35  Warp Gate (Chrono Boost)  
  40  6:42  Probe  
  41  6:51  Gateway  
  41  6:54  Forge, Probe  
  42  6:55  Protoss Ground Weapons Level 1  
  42  7:06  Probe  
  43  7:10  Twilight Council  
  43  7:18  Probe  
  44  7:25  Zealot x3  
  50  7:30  Probe  
  51  7:42  Probe  
  52  7:48  Nexus  
  52  7:52  Zealot x2, Sentry  
  52  7:54  Charge (Chrono Boost)  
  58  8:19  Stalker, Sentry  
  62  8:38  Pylon  
  62  8:42  Pylon  
  62  8:56  Stalker x2  
  62  8:58  Templar Archives  
  66  9:04  Pylon  
  66  9:05  Protoss Ground Weapons Level 2 (Chrono Boost)  
  66  9:06  Protoss Shields Level 2 (Chrono Boost)  
  66  9:26  Stalker x2  
  70  9:36  Gateway  
  70  9:39  Gateway  
  70  9:40  Probe  
  70  9:41  Gateway  
  71  9:50  Probe  
  71  9:52  Probe  
  73  10:02  Probe  
  73  10:04  Probe  
  73  10:05  High Templar  
  73  10:06  High Templar  
  79  10:07  High Templar x2  
  79  10:10  Archon  
  79  10:13  Archon  
  83  10:14  Probe  
  83  10:16  Probe  
  85  10:26  Probe  
  86  10:28  Probe  
  87  10:38  Probe  
  88  10:44  High Templar  
  88  10:46  Protoss Air Armor Level 1  
  90  10:50  Probe  
  90  10:54  Assimilator  
  91  10:58  Assimilator  
  91  11:01  High Templar  
  91  11:03  Probe  
  94  11:06  Archon  
  94  11:15  Probe  
  95  11:23  Zealot  
  95  11:24  Sentry  
  95  11:25  Sentry  
  101  11:41  Protoss Ground Weapons Level 3 (Chrono Boost)  
  47  12:20  High Templar x2  
  49  12:23  Stalker  
  49  12:26  Archon  
  49  12:29  Zealot  
  53  12:31  Probe  
  54  12:43  Probe  
  55  12:54  Probe  
  55  12:55  Probe  
  57  12:59  Assimilator  
  57  13:01  Zealot  
  57  13:02  Zealot  
  57  13:03  Zealot x2  
  65  13:06  Probe  
  65  13:08  Probe  
  67  13:19  Probe  
  68  13:20  Probe  
  68  13:22  Zealot  
  68  13:23  Zealot x2  
  68  13:24  Zealot  
  77  13:39  Gateway  
  77  13:41  Gateway  
  77  13:53  Zealot x2  
  77  13:54  Zealot x2  
  77  13:55  Zealot x3  
  91  14:07  Probe  
  92  14:14  Sentry x2  
  92  14:16  Stalker x2  
  100  14:20  Probe  
  101  14:40  Pylon x2  
  101  14:42  Pylon  
  101  14:58  Probe x2  
  101  14:59  Zealot x2  
  107  15:00  Zealot x4  
  107  15:01  Zealot  
  117  15:10  Probe x2  
  117  15:11  Protoss Shields Level 3 (Chrono Boost)  
  117  15:13  Protoss Ground Armor Level 1 (Chrono Boost)  
  119  15:22  Probe x2  
  61  15:58  Probe  
  61  16:00  High Templar x2  
  61  16:01  High Templar x2  
  61  16:02  High Templar x2  
  74  16:07  Archon  
  74  16:08  Archon  
  74  16:09  Archon  
  74  16:10  Probe  
  75  16:22  Probe  
  76  16:27  Robotics Facility  
  76  16:31  Robotics Facility  
  76  16:35  Stalker  
  76  16:36  Stalker  
  76  16:37  Stalker, Sentry  
  76  16:38  Sentry x2  
  88  16:44  High Templar x2  
  88  16:45  High Templar  
  94  17:01  Archon  
  94  17:05  High Templar  
  94  17:07  High Templar x2  
  94  17:08  High Templar  
  102  17:09  High Templar  
  102  17:13  Archon  
  102  17:14  Archon  
  104  17:20  Immortal  
  108  17:38  Nexus  
  108  17:42  Assimilator  
  108  17:44  High Templar  
  108  17:47  Stalker x3  
  116  17:57  Zealot  
  116  17:58  Zealot  
  120  17:59  Zealot x2  
  124  18:23  Immortal  
  72  18:55  Assimilator  
  72  19:04  High Templar  
  72  19:05  High Templar x2  
  72  19:06  High Templar  
  72  19:09  Archon  
  80  19:11  Archon  
  80  19:21  Zealot  
  80  19:22  Zealot x2  
  80  19:23  Zealot x2  
  90  19:29  Immortal  
  90  19:30  Immortal  
  98  19:38  Probe  
  99  19:42  Probe  
  100  19:49  High Templar  
  100  19:50  High Templar, Probe  
  105  19:54  Archon  
  105  19:56  Protoss Ground Armor Level 2 (Chrono Boost)  
  105  20:02  Probe  
  106  20:09  Immortal  
  106  20:11  Robotics Bay  
  110  20:15  Zealot  
  110  20:16  Zealot  
  110  20:17  Sentry  
  116  20:25  Zealot x2  
  116  20:26  Zealot x2  
  116  20:27  Zealot x2  
  128  20:40  High Templar x2  
  132  20:44  Archon  
  132  20:46  Zealot x2  
  132  20:47  Zealot x2  
  140  21:11  Pylon  
  140  21:14  Pylon  
  140  21:16  Pylon  
  140  21:18  Pylon  
  96  21:56  High Templar x3  
  96  21:57  High Templar  
  96  21:58  Stalker  
  96  21:59  Zealot x2  
  96  22:00  Zealot x2  
  114  22:02  Archon  
  114  22:04  Archon  
  114  22:22  Gateway  
  114  22:23  Gateway  
  114  22:27  Colossus x2  
  126  23:18  High Templar  
  126  23:19  High Templar x2  
  132  23:20  High Templar x2, Colossus  
  132  23:21  Zealot, Colossus  
  132  23:22  Zealot  
  138  23:39  Zealot  
  138  23:40  Zealot  
  126  23:53  Photon Cannon  
  113  24:12  Photon Cannon  
  113  24:14  Photon Cannon  
  113  24:16  Photon Cannon  
  103  24:34  Photon Cannon  
  103  24:36  Photon Cannon  
  82  24:58  Pylon  
  69  25:25  Pylon  
  67  25:29  Photon Cannon  
  67  25:33  Zealot  
  67  25:34  Zealot x2  
  67  25:35  Zealot  
  71  25:47  Pylon  
  71  25:51  Observer  
  71  25:58  Nexus  
  71  26:01  Photon Cannon  
  71  26:05  Photon Cannon  
  71  26:07  Photon Cannon  
  71  26:12  Observer  
  72  26:19  Photon Cannon  
  72  26:21  Photon Cannon  
  72  26:23  Photon Cannon  
  72  26:26  Gateway  
  72  26:28  Gateway  
  72  26:29  Gateway  
  72  26:31  High Templar  
  72  26:32  High Templar x2  
  76  26:33  High Templar  
  76  26:34  Observer  
  76  26:37  Archon  
  76  26:38  Archon  
  81  26:40  Zealot  
  83  26:55  Observer  
  84  27:09  Probe  
  85  27:16  Observer  
  85  27:22  Probe  
  87  27:23  Pylon  
  87  27:33  Zealot, Pylon  
  87  27:34  Zealot, Probe  
  87  27:35  Zealot x3  
  87  27:36  Zealot  
  100  27:37  Zealot x2  
  100  27:38  Observer  
  105  27:46  Probe  
  106  27:58  Probe  
  107  28:11  Cybernetics Core  
  51  28:52  Stalker x2  
  51  28:53  Stalker x2  
  59  28:59  Zealot x3  
  59  29:00  Zealot x2  
  59  29:01  Zealot x2  
  73  29:04  Colossus (Chrono Boost)  
  73  29:05  Colossus (Chrono Boost)  
  85  29:27  High Templar x2  
  85  29:28  High Templar x2  
  85  29:29  High Templar x2  
  97  29:33  Archon x2  
  97  29:35  Archon  
  97  29:46  Zealot x2  
  97  29:47  Zealot  
  97  29:51  Colossus x2  
  104  30:51  Nexus  
  104  31:01  Zealot x3  
  104  31:02  Zealot  
  104  31:03  Zealot x2  
  110  31:08  Zealot  
  110  31:09  Zealot  
  102  31:44  Pylon  
  98  31:48  Pylon  
  98  31:49  Stalker x2  
  98  31:50  Stalker  
  98  31:51  Stalker  
  98  31:52  Zealot x2  
  98  31:53  Zealot  
  112  31:54  Zealot  
  101  32:14  Zealot  
  101  32:15  Zealot x3  
  105  32:16  Zealot  
  92  34:10  Nexus  
Show
View Real Time Build Order
Export as new Build Order

FLOCK Terran 

Build Orders:  

Get SALT Encoding   

  12  0:25  Refinery  
  12  0:26  SCV, Supply Depot  
  13  0:38  SCV  
  14  0:50  Barracks  
  14  0:58  Refinery  
  14  1:03  SCV  
  15  1:15  SCV  
  16  1:27  SCV  
  17  1:37  Barracks Reactor  
  17  1:39  SCV  
  18  1:46  Engineering Bay  
  18  1:51  SCV  
  19  2:03  SCV  
  20  2:14  Factory  
  20  2:15  SCV, Marine x2  
  23  2:26  Supply Depot  
  23  2:30  Terran Infantry Weapons Level 1  
  23  2:48  Marine x2  
  23  2:50  Sensor Tower  
  25  2:52  SCV  
  26  3:08  Marine x2  
  28  3:16  Factory Tech Lab  
  28  3:18  Supply Depot  
  28  3:32  Marine x2  
  30  3:47  Bunker  
  30  3:53  Siege Tank  
  33  4:07  Command Center  
  33  4:15  Marine x2  
  35  4:24  Terran Infantry Armor Level 1  
  35  4:32  Armory  
  35  4:41  Siege Tank  
  38  5:02  Marine  
  38  5:06  Orbital Command  
  39  5:18  Marine  
  40  5:27  Orbital Command  
  40  5:33  Supply Depot  
  39  5:50  Terran Vehicle Weapons Level 1  
  39  5:57  Supply Depot  
  35  6:18  Terran Infantry Weapons Level 2  
  34  6:26  Marine x2  
  36  6:41  Barracks  
  36  6:43  SCV, Marine  
  36  6:44  Marine  
  39  6:55  SCV  
  40  7:01  Marine x2  
  42  7:13  Starport  
  42  7:19  Marine x2  
  44  7:24  Ghost Academy  
  44  7:27  SCV  
  44  7:29  Barracks  
  45  7:39  SCV  
  47  7:51  SCV  
  47  8:03  SCV  
  48  8:15  SCV  
  49  8:26  Siege Tank  
  52  8:30  Starport Reactor  
  52  8:32  Barracks Tech Lab  
  52  8:33  Barracks Tech Lab  
  52  8:34  Terran Infantry Armor Level 2  
  52  8:40  SCV  
  52  8:41  Fusion Core  
  53  8:43  SCV  
  54  8:48  Marine x2  
  54  8:52  SCV  
  58  8:55  SCV  
  58  8:58  Siege Tank  
  61  9:04  SCV  
  61  9:06  Marine x2  
  61  9:07  SCV  
  65  9:16  SCV  
  66  9:19  SCV  
  66  9:24  Terran Vehicle Weapons Level 2, Marine x2  
  67  9:28  SCV  
  70  9:33  Supply Depot  
  70  9:36  Supply Depot  
  70  9:51  Command Center  
  70  9:54  Marine x2  
  72  10:19  Weapon Refit  
  72  10:21  Personal Cloaking  
  72  10:25  Marine x2  
  74  10:31  Liberator  
  77  10:42  Refinery  
  77  10:43  Marine x2, Refinery  
  77  10:45  SCV  
  80  10:52  SCV  
  82  10:57  SCV  
  82  11:01  Marine x2  
  84  11:04  SCV  
  85  11:19  Marine x2  
  85  11:25  Bunker  
  87  11:29  Planetary Fortress  
  87  11:34  Siege Tank  
  90  11:41  Marine x2  
  92  11:54  Liberator  
  92  11:56  Bunker  
  92  11:57  Liberator  
  92  11:59  Marine  
  100  12:02  Supply Depot  
  100  12:04  Marine  
  100  12:05  Supply Depot  
  100  12:06  Siege Tank  
  91  12:26  Supply Depot  
  91  12:27  Bunker  
  91  12:28  Supply Depot  
  91  12:29  Supply Depot  
  90  12:30  Barracks Reactor  
  90  12:58  Bunker  
  90  13:13  SCV  
  91  13:25  SCV, Missile Turret  
  91  13:26  Marine  
  91  13:27  Marine  
  94  13:38  SCV  
  95  13:44  Marine x2  
  97  13:50  SCV  
  98  14:02  SCV, Marine x2  
  101  14:16  Refinery  
  101  14:20  Marine x2  
  103  14:42  Terran Vehicle Weapons Level 3, Refinery  
  103  14:53  SCV  
  104  15:04  Medivac  
  104  15:05  SCV, Medivac  
  109  15:18  SCV  
  110  15:23  Marine x2  
  112  15:33  Supply Depot  
  112  15:34  Medivac  
  112  15:35  Medivac, Supply Depot  
  110  15:41  Marine x2  
  100  15:58  Marine  
  100  15:59  Supply Depot, Marine  
  100  16:00  SCV  
  103  16:10  Bunker  
  103  16:12  SCV  
  103  16:14  Siege Tank  
  103  16:16  Marine x2  
  109  16:24  SCV  
  110  16:37  Ghost x2  
  114  16:41  Bunker  
  114  16:46  Siege Tank  
  117  17:05  Ghost x2  
  121  17:09  SCV  
  121  17:12  Bunker  
  122  17:18  Siege Tank  
  122  17:21  SCV  
  126  17:34  Ghost x2  
  130  18:02  Ghost  
  130  18:03  Ghost  
  134  18:13  Siege Tank  
  134  18:31  Ghost x2  
  127  18:45  Siege Tank  
  129  19:17  Siege Tank  
  132  19:24  Command Center  
  132  19:55  Ghost Academy  
  132  19:57  Ghost Academy  
  132  19:58  Ghost Academy  
  132  19:59  Ghost Academy  
  132  20:23  Ghost  
  132  20:24  Ghost  
  132  20:28  Ghost Academy x2  
  136  20:31  Ghost Academy  
  136  20:32  Ghost Academy  
  136  20:36  Nuke x4  
  136  20:40  Nuke  
  136  20:52  Ghost x2  
  140  21:05  Nuke x3  
  140  21:06  Nuke  
  140  21:20  Ghost  
  140  21:21  Ghost  
  101  21:48  Marine x2  
  101  21:49  Ghost x2  
  107  22:06  Marine x2  
  113  22:23  Marine  
  113  22:24  Marine  
  115  22:41  Marine x2  
  115  22:42  Marine x2  
  115  23:00  Marine x2  
  117  23:17  Marine  
  117  23:18  Marine  
  119  23:35  Marine x2  
  121  23:53  Marine x2  
  103  25:22  Marine x2  
  103  25:27  Marine x2  
  107  25:33  Command Center  
  97  25:40  Marine x2  
  93  25:45  Marine x2  
  95  25:58  Marine x2  
  95  26:03  Marine x2  
  99  26:07  Combat Shield, Stimpack  
  99  26:10  Terran Infantry Weapons Level 3  
  99  26:16  Marine x2  
  101  26:20  Marine x2  
  103  26:38  Marine x2  
  105  26:54  Medivac x2  
  105  26:56  Marine x2  
  111  27:11  Marine x2  
  113  27:19  Supply Depot  
  113  27:24  Medivac x2  
  113  27:28  Marine  
  113  27:29  Marine  
  119  27:42  Supply Depot  
  119  27:46  Marine x2  
  121  27:54  Medivac x2  
  121  27:55  Terran Vehicle And Ship Armor Level 1  
  125  28:04  Marine x2  
  125  28:05  Supply Depot  
  127  28:24  Medivac x2  
  114  28:28  Supply Depot  
  92  28:51  Supply Depot  
  92  29:06  Marine x2  
  94  29:10  Siege Tank  
  94  29:13  Liberator  
  100  29:17  Supply Depot  
  100  29:24  Marine x2  
  102  29:42  Siege Tank, Marine x2  
  107  30:00  Marine x2  
  108  30:14  Siege Tank  
  108  30:17  Marine x2  
  74  31:25  Marine  
Tags
 
Add a new tag
Caveats
  • Supply blocks, unpowered buildings, or Contaminate may cause inaccurate times.
  • Supply counts are checked every 10 seconds.